 Dungeon Crawl Stone Soup version 0.30.0-5-g1a98f26d00 (webtiles) character file.

Game seed: 14640515489280876568

57 Inkenn the Shield-Bearer (level 3, -9/33 HPs)
             Began as a Minotaur Fighter on May 8, 2023.
             Blown up by Ijyb (13 damage)
             ... with a mindburst bolt
             ... on level 3 of the Dungeon.
             The game lasted 00:01:50 (1654 turns).

Inkenn the Shield-Bearer (Minotaur Fighter)         Turns: 1654, Time: 00:01:51

Health: -9/33      AC: 11    Str: 22    XL:     3   Next: 73%
Magic:  2/2        EV:  6    Int:  5    God:
Gold:   80         SH:  4    Dex:  9    Spells: 2/2 levels left

rFire   . . .        a - +0 long sword
rCold   . . .        c - +0 buckler
rNeg    . . .        q - +0 plate armour
rPois   .            (helmet restricted)
rElec   .            (no cloak)
rCorr   .            (no gloves)
SInv    .            (no boots)
Will    .....        l - amulet of regeneration Stlth
                     (no ring)
HPRegen 1.05/turn    (no ring)
MPRegen 0.08/turn

%: no passive effects
@: no status effects
A: horns 2, retaliatory headbutt
a: no special abilities


You were on level 3 of the Dungeon.
You visited 1 branch of the dungeon, and saw 3 of its levels.

You collected 80 gold pieces.

Inventory:

Hand Weapons
 a - a +0 long sword (weapon)
Armour
 b - a +0 scale mail
 c - a +0 buckler (worn)
 k - an orb of wrath
 q - a +0 plate armour (worn)
Jewellery
 e - a ring of wizardry
 l - an amulet of regeneration (around neck)
Scrolls
 f - a scroll of magic mapping {unknown}
 g - a scroll of noise {unknown}
 h - 3 scrolls of identify {unknown}
 j - a scroll of teleportation {unknown}
 m - a scroll of immolation {unknown}
 n - a scroll of poison {unknown}
Potions
 d - 2 potions of might
 i - 2 potions of lignification {unknown}
 o - a potion of resistance {unknown}
 p - 2 potions of haste {unknown}


   Skills:
 - Level 4.0 Fighting
 + Level 3.3 Long Blades
 + Level 4.3 Armour
 + Level 4.3 Shields


You had 2 spell levels left.
You didn't know any spells.
Your spell library was empty.

Dungeon Overview and Level Annotations

Branches:
Dungeon (3/15)

Altars:
Sif Muna

Shops:
D:2 =

Annotations:
D:3 Ijyb


Innate Abilities, Weirdness & Mutations

You have a pair of horns on your head.
You reflexively headbutt those who attack you in melee.


Message History

You now have 80 gold pieces (gained 10).
You see here an orb of light.
There is an escape hatch in the ceiling here.
There is a stone staircase leading down here.
Done exploring.
Done exploring.
Done exploring.
There is a stone staircase leading down here.
You climb downwards.
Found a golden potion.
There is a stone staircase leading up here.
p - 2 golden potions (gained 1) Ijyb the Twisted Goblin comes into view.
She is wielding a +0 club and carrying a wand of mindburst (17).
Ijyb zaps a wand.
Your mind is blasted!
Ijyb is nearby!
Ijyb is nearby!
Ijyb is nearby!
Ijyb is nearby!
Ijyb grins evilly.
Ijyb zaps a wand.
You barely resist.
Ijyb zaps a wand.
Your mind is blasted!
You are too injured to fight recklessly!
You are too injured to fight recklessly!
You are too injured to fight recklessly!
You are too injured to fight recklessly!
You hit Ijyb. You headbutt Ijyb.
Ijyb is lightly wounded.
Ijyb barely misses you.
You completely miss Ijyb. Your headbutt misses Ijyb.
Ijyb is lightly wounded.
Ijyb zaps a wand.
Your mind is blasted!
* * * LOW HITPOINT WARNING * * *
You hit Ijyb. You headbutt Ijyb!
Ijyb is heavily wounded.
Ijyb hits you but does no damage.
You hit Ijyb but do no damage. You headbutt Ijyb.
Ijyb is severely wounded.
Ijyb screams, "I dance on your bones!"
Ijyb zaps a wand.
Your mind is blasted!
You die...

##### ##...## ##.....##
#.......# ##########
#.......#######........#
#.......#.....@g.....#
##.....##....####.......
#.......#..##≈≈≈#~#.....
#.......#..# ≈≈≈≈≈# ....
#..<......## #≈#≈≈# ...
##.....#..~≈≈≈≈≈ ≈≈ ..
#....##..#≈≈≈≈≈≈#≈ .
#.######.##≈#≈≈≈≈# ...
#.. ≈≈≈#


You could see Ijyb.

Vanquished Creatures
  3 adders (D:2)
  A gnoll (D:1)
  A bat (D:1)
  An endoplasm (D:1)
  5 goblins
  2 hobgoblins (D:2)
  2 quokkas (D:2)
  A frilled lizard (D:1)
  4 kobolds
  A rat (D:2)
21 creatures vanquished.

Notes
Turn   | Place    | Note
-------+----------+-------------------------------------------
     0 | D:1      | Inkenn the Minotaur Fighter began the quest for the Orb.
     0 | D:1      | Reached XP level 1. HP: 19/19 MP: 0/0
    55 | D:1      | Reached XP level 2. HP: 15/27 MP: 1/1
   276 | D:1      | Found a faded altar of an unknown god.
   925 | D:2      | Found a shimmering blue altar of Sif Muna.
  1063 | D:2      | Reached XP level 3. HP: 33/33 MP: 2/2
  1295 | D:2      | Found Moheetz's Jewellery Emporium.
  1644 | D:3      | Noticed Ijyb
  1652 | D:3      | HP: 1/33 [disintegration (16)]
  1654 | D:3      | Blown up by Ijyb

Illustrated notes

Levels and vault maps discovered:
D:1:      saegor_arrival_simple_c, layout_loops_ring,
          hellmonk_ecumenical_altar_crossroads
D:2:      layout_loops_ring, serial_shops, shop, basic_altar,
          nicolae_hexahallways
D:3:      layout_rooms, nicolae_dithmenos_the_darkroom, minivault_4, uniq_ijyb

Skill      XL: |  1  2 |
---------------+-------+-----
Fighting       | 4 |  4.0
Armour         | 4 |  4.3
Shields        | 4 |  4.3
Long Blades    | 3 |  3.3

Action                     || total
---------------------------++-------
  Melee: Long sword        ||    60
         Headbutt          ||     7
 Armour: Scale mail        ||    28
         Plate armour      ||     1
  Dodge: Dodged            ||    29
  Block: Buckler           ||    11
